 Dungeon Crawl Stone Soup version 0.29-b1-12-g9e2288ab2a (webtiles) character file.

Game seed: 9263241700812214585

4 DemonSlayer the Firebug (level 1, -1/13 HPs)
             Began as a Demonspawn Fire Elementalist on Aug 23, 2022.
             Slain by a frilled lizard (2 damage)
             ... on level 1 of the Dungeon.
             The game lasted 00:00:25 (223 turns).

DemonSlayer the Firebug (DsFE)                       Turns: 223, Time: 00:00:26

Health: -1/13      AC:  2    Str:  8    XL:     1   Next: 50%
Magic:  3/3        EV: 12    Int: 16    God:
Gold:   3          SH:  0    Dex: 13    Spells: 3/4 levels left

rFire   . . .      SeeInvis .   (no weapon)
rCold   . . .      Faith    .   (no shield)
rNeg    . . .      Spirit   .   a - +0 robe
rPois   .          Reflect  .   (no helmet)
rElec   .          Harm     .   (no cloak)
rCorr   .          Rampage  .   (no gloves)
Will    .....                   (no boots)
Stlth   ++........              (no amulet)
HPRegen 0.04/turn               (no ring)
MPRegen 0.08/turn               (no ring)

@: no status effects
A: no striking features
a: no special abilities


You were on level 1 of the Dungeon.
You visited 1 branch of the dungeon, and saw 1 of its levels.

You collected 3 gold pieces.

Inventory:

Armour
 a - a +0 robe (worn)
Scrolls
 d - a scroll of identify {unknown}
Potions
 b - a potion of magic
 c - a potion of haste {unknown}


   Skills:
 + Level 1.7 Dodging
 + Level 1.7 Stealth
 + Level 2.1 Spellcasting
 + Level 1.0 Conjurations
 + Level 2.8 Fire Magic


You had 3 spell levels left.
You knew the following spells:

 Your Spells              Type           Power      Damage    Failure   Level
a - Foxfire               Conj/Fire      28%        2x1d5     10%         1

Your spell library contained the following spells:

 Spells                   Type           Power      Damage    Failure   Level
 Scorch                   Fire           20%        2d6       10%         2
 Conjure Flame            Conj/Fire      7%         6-21      28%         3
 Inner Flame              Hex/Fire       6%         N/A       34%         3
 Flame Wave               Conj/Fire      7%         2d5       67%         4


Dungeon Overview and Level Annotations

Branches:
Dungeon (1/15)

Altars:


Message History

The frilled lizard hisses.
The ball python attacks as you move away!
The ball python barely misses you. The ball python misses you.
The ball python barely misses you. The ball python closely misses you.
The ball python barely misses you.
You conjure some foxfire!
The ball python bites you. The ball python closely misses you.
You are too injured to fight recklessly!
You are too injured to fight recklessly!
You are too injured to fight recklessly!
You hit the ball python.
The ball python is moderately wounded.
The foxfire hits the ball python.
You kill the ball python!
You are too injured to fight recklessly!
You barely miss the ball python. The ball python misses you.
The ball python barely misses you. x2; The ball python grabs you.
The ball python constricts you.
You hit the ball python.
The ball python is severely wounded.
The ball python bites you but does no damage.
The ball python constricts you.
You hit the ball python.
You kill the ball python!
You miss the frilled lizard.
The frilled lizard bites you but does no damage.
You closely miss the frilled lizard. The frilled lizard closely misses you.
You closely miss the frilled lizard. The frilled lizard barely misses you.
You closely miss the frilled lizard. The frilled lizard bites you.
You completely miss the frilled lizard. The frilled lizard bites you.
* * * LOW HITPOINT WARNING * * *
You miss the frilled lizard.
The frilled lizard bites you but does no damage.
You closely miss the frilled lizard. The frilled lizard bites you.
* * * LOW HITPOINT WARNING * * *
You closely miss the frilled lizard. The frilled lizard misses you.
You hit the frilled lizard.
The frilled lizard is heavily wounded.
The frilled lizard bites you.
You die...

# ..... ###### #####
... ##...# ####.<.####
#'# ##.#.# #...8.8...#
####.# ##.#.#
#.........# #...S#
...#.#
###.........######†####
####.#
#.............#...l#
#.#
#..#.##########.####
#.# ##......@# ####.#
#.#####.#####l# #...l#
#.......# #.###.####
######### #.#S..#
#.#.### #...# #####


You could see a frilled lizard.

Vanquished Creatures
  2 ball pythons (D:1)
  A hobgoblin (D:1)
  A bat (D:1)
4 creatures vanquished.

Vanquished Creatures (others)
  7 foxfires (D:1)
7 creatures vanquished.

Grand Total: 11 creatures vanquished

Notes
Turn   | Place    | Note
-------+----------+-------------------------------------------
     0 | D:1      | DemonSlayer the Demonspawn Fire Elementalist began the
                  | quest for the Orb.
     0 | D:1      | Reached XP level 1. HP: 13/13 MP: 3/3
   223 | D:1      | Slain by a frilled lizard

Illustrated notes

Levels and vault maps discovered:
D:1:      mrwooster_arrival_statue, layout_basic, serial_shops,
          nicolae_square_shop, st_stairs_4

Action                   || total
-------------------------++-------
Melee: Unarmed           ||    13
 Cast: Foxfire           ||     5
Armor: Robe              ||     5
Dodge: Dodged            ||    24
